 Dungeon Crawl Stone Soup version 0.30-a0-1-g69b7b797bf (webtiles) character file.

Game seed: 12829163666894211766

96 Nedwor the Cutter (level 4, -2/34 HPs)
             Began as a Demonspawn Gladiator on Aug 19, 2022.
             Slain by an iguana (4 damage)
             ... on level 3 of the Dungeon.
             The game lasted 00:03:06 (2785 turns).

Nedwor the Cutter (Demonspawn Gladiator)            Turns: 2785, Time: 00:03:07

Health: -2/34      AC:  4    Str: 16    XL:     4   Next: 41%
Magic:  4/4        EV: 10    Int:  9    God:
Gold:   134        SH:  7    Dex: 15    Spells: 3/3 levels left

rFire   . . .      SeeInvis .    a - +0 rapier
rCold   . . .      Faith    .    n - +0 kite shield
rNeg    . . .      Spirit   .    b - +0 leather armour
rPois   .          Reflect  .    c - +0 helmet
rElec   .          Harm     .    (no cloak)
rCorr   .          Rampage  .    (no gloves)
Will    +....                    (no boots)
Stlth   +.........               (no amulet)
HPRegen 0.11/turn                j - ring of willpower
MPRegen 0.09/turn                (no ring)

@: no status effects
A: weakness stinger 1
a: no special abilities


You were on level 3 of the Dungeon.
You visited 1 branch of the dungeon, and saw 3 of its levels.

You collected 134 gold pieces.

Inventory:

Hand Weapons
 a - a +0 rapier (weapon)
Missiles
 d - 3 throwing nets (quivered)
 e - a javelin
Armour
 b - a +0 leather armour (worn)
 c - a +0 helmet (worn)
 n - a +0 kite shield (worn)
Jewellery
 j - a ring of willpower (left hand)
Scrolls
 h - 3 scrolls of teleportation {unknown}
 q - a scroll of blinking {unknown}
 r - a scroll of identify {unknown}
Potions
 f - 2 potions of degeneration {unknown}
 g - a potion of magic {unknown}
 i - a potion of lignification {unknown}
 k - a potion of curing {unknown}
 l - a potion of might {unknown}
 m - a potion of brilliance {unknown}
 o - a potion of attraction {unknown}
 p - a potion of resistance {unknown}


   Skills:
 + Level 2.6 Fighting
 * Level 3.6 Short Blades
 - Level 1.7 Throwing
 + Level 1.4 Armour
 + Level 3.1 Dodging
 + Level 0.5 Shields


You had 3 spell levels left.
You didn't know any spells.
Your spell library contained the following spells:

 Spells                   Type           Power      Damage    Failure   Level
 Airstrike                Air            0%         2d(0-16)  100%        4
 Summon Lightning Spire   Summ/Air       0%         N/A       100%        4
 Lightning Bolt           Conj/Air       0%         1d11      100%        5


Dungeon Overview and Level Annotations

Branches:
Dungeon (3/15)

Altars:
Cheibriados


Innate Abilities, Weirdness & Mutations

You have a small tail.


Message History

The iguana hisses angrily.
You hit the orc.
The orc is heavily wounded.
The orc closely misses you. The orc barely misses you.
The orc hits you with a +0 hand axe. You block the orc's attack.
You hit the orc.
You kill the orc!
The orc closely misses you.
You hit the orc but do no damage.
The orc is heavily wounded.
You block the orc's attack.
You closely miss the orc.
The orc is heavily wounded.
The orc hits you with a +0 hand axe.
* * * LOW HITPOINT WARNING * * *
You hit the orc.
You kill the orc!
You hit the orc.
The orc is moderately wounded.
The orc hits you but does no damage. The orc completely misses you.
You hit the orc but do no damage.
The orc is moderately wounded.
The orc hits you with a +0 flail!
* * * LOW HITPOINT WARNING * * *
You hit the orc.
You kill the orc!
You hit the iguana.
The iguana is lightly wounded.
You block the iguana's attack.
You hit the iguana but do no damage.
The iguana is lightly wounded.
The iguana completely misses you.
You hit the iguana.
The iguana is moderately wounded.
You block the iguana's attack.
The iguana bites you but does no damage.
You hit the iguana. You tail-slap the iguana.
The iguana is heavily wounded.
The iguana bites you.
You die...

# #..# ###.#### #..###### ...
#..# #.....#.# #######+##
######.###...###.###≈≈≈≈≈≈.≈≈
...........†.......#≈......$.
###########>.##.####≈........
....#.# #..##.# #≈.l######
###...#####..##.####≈..###
###........##.@lo#≈..##
######...#####.'...##
###########.....####≈..##
.##.......#..##.# #≈..###
.##.#####.#..##.# #≈..#####
.##..#....#..##.# #≈...[...
.##..#.####..##.# #≈.......$
.#.....###...##.# #≈≈≈≈≈≈.≈≈
........##.#.##.# #######+#


You could see an iguana and an orc.

Vanquished Creatures
  A gnoll (D:1)
  An adder (D:2)
  2 worms (D:2)
  A dart slug (D:2)
  3 orcs (D:3)
  A ball python (D:1)
  3 bats
  5 endoplasms
  3 giant cockroaches
  7 goblins
  5 hobgoblins
  6 jackals (D:2)
  4 kobolds
  5 quokkas
  7 frilled lizards
  6 rats
60 creatures vanquished.

Notes
Turn   | Place    | Note
-------+----------+-------------------------------------------
     0 | D:1      | Nedwor the Demonspawn Gladiator began the quest for the
                  | Orb.
     0 | D:1      | Reached XP level 1. HP: 16/16 MP: 1/1
   262 | D:1      | Gained mutation: You have a small tail. [demonic ancestry]
   262 | D:1      | Reached XP level 2. HP: 8/22 MP: 2/2
   881 | D:1      | Reached XP level 3. HP: 28/28 MP: 3/3
  1056 | D:1      | Reached skill level 1 in Armour
  1070 | D:1      | Found a faded altar of an unknown god.
  1851 | D:2      | Reached XP level 4. HP: 32/34 MP: 4/4
  2359 | D:3      | Found a snail-covered altar of Cheibriados.
  2785 | D:3      | Slain by an iguana

Illustrated notes

Levels and vault maps discovered:
D:1:      spicycebolla_green_bress_n_ham, layout_rooms,
          shapermc_ecumenical_altar_notcrosses
D:2:      kb_forest_paths, layout_basic
D:3:      layout_loops_ring, old_standard_altar, serial_co_window_serial,
          co_window_of_opportunity_a, co_window_paths_a, co_window_paths_b,
          co_window_paths_a, co_window_corner_a, co_window_corner_a,
          co_window_corner_a, co_window_of_opportunity_b, co_window_broadway_a,
          co_window_2corner, co_window_cross_2, co_window_paths_c,
          co_window_4corner_a, glass_columns_b, kennysheep_path_1,
          chequers_serial_rivers_room_a

Skill      XL: |  1  2  3 |
---------------+----------+-----
Short Blades   | 3 |  3.6
Dodging        | 3 |  3.1
Armour         | 1 |  1.4
Fighting       | |  2.6
Throwing       | |  1.7
Shields        | |  0.5

Action                   |  1- 3 |  4- 6 || total
-------------------------+-------+-------++-------
Melee: Rapier            |   142 |    63 ||   205
       Tailslap          |    19 |    10 ||    29
 Stab: Distracted        |       |     1 ||     1
       Sleeping          |       |     1 ||     1
Armor: Leather armour    |    40 |    20 ||    60
Dodge: Dodged            |    87 |    29 ||   116
Block: Kite shield       |     6 |    21 ||    27

Table legend: (Time is in decaauts)
 A = Elapsed time spent in this place.
 B = Non-inter-level travel time spent in this place.
 C = Inter-level travel time spent in this place.
 D = Time resting spent in this place.
 E = Time spent auto-exploring this place.
 F = Levels seen in this place.
 G = Mean time per level.
                   A        B        C        D        E       F      G
               +--------+--------+--------+--------+--------+-----+--------+
         Total |   2805 |   2760 |     45 |    181 |   2147 |   3 |  935.0 |
       Dungeon |   2805 |   2760 |     45 |    181 |   2147 |   3 |  935.0 |
               +--------+--------+--------+--------+--------+-----+--------+

Top non-repeatable levels by time:
     D:2: 1226 daAuts
     D:1: 1099 daAuts
     D:3: 480 daAuts
